 Dungeon Crawl Stone Soup version 0.23.2-1-ga50397a6bc (webtiles) character file.

Game seed: 14926012805837991814

86 Circulus the Slasher (level 4, -2/37 HPs)
             Began as a Minotaur Gladiator on Apr 24, 2019.
             Killed from afar by an orc wizard (9 damage)
             ... with a puff of frost
             ... on level 3 of the Dungeon.
             The game lasted 00:20:08 (1979 turns).

Circulus the Slasher (Minotaur Gladiator)           Turns: 1979, Time: 00:20:09

Health: -2/37      AC:  8    Str: 19    XL:     4   Next: 27%
Magic:  3/3        EV:  8    Int:  5    God:
Gold:   109        SH:  0    Dex: 12    Spells: 3/3 levels left

rFire    . . .     SeeInvis .   a - +0 long sword
rCold    . . .     Gourm    .   (no shield)
rNeg     . . .     Faith    .   h - +0 chain mail
rPois    .         Spirit   .   c - +0 hat
rElec    .         Reflect  .   (no cloak)
rCorr    .         Harm     .   (no gloves)
MR       .....                  (no boots)
Stlth    ..........             (no amulet)
HPRegen  0.12/turn              (no ring)
MPRegen  0.08/turn              (no ring)

@: no status effects
A: retaliatory headbutt, horns 2
a: no special abilities


You were on level 3 of the Dungeon.
You were not hungry.

You visited 1 branch of the dungeon, and saw 3 of its levels.

You collected 109 gold pieces.

Inventory:

Hand Weapons
 a - a +0 long sword (weapon)
 x - a cursed -1 short sword
Missiles
 d - 3 throwing nets
 i - 42 stones (quivered)
Armour
 b - a +2 hat
 c - a +0 hat (worn)
 g - a scarf of spirit shield
 h - a +0 chain mail (worn)
 v - a +1 hat
Jewellery
 w - an uncursed ring of flight {unknown}
Wands
 y - a wand of enslavement (6)
Scrolls
 e - a scroll of amnesia {unknown}
 l - 2 scrolls of remove curse {unknown}
 m - a scroll of teleportation
 n - a scroll of fog {unknown}
 q - a scroll of magic mapping {unknown}
 s - a scroll of noise {unknown}
 t - a scroll of identify {unknown}
Potions
 j - 2 potions of might {unknown}
 k - 2 potions of ambrosia {unknown}
 p - a potion of invisibility {unknown}
 r - a potion of heal wounds {unknown}
 u - a potion of brilliance {unknown}
Comestibles
 f - 4 rations
 o - 2 chunks of flesh


   Skills:
 + Level 2.9 Fighting
 - Level 6.0 Long Blades
 - Level 2.0 Throwing
 - Level 3.2 Dodging


You had 3 spell levels left.
You didn't know any spells.
Your spell library was empty.

Dungeon Overview and Level Annotations

Branches:
Dungeon (3/15)

Altars:
Xom


Innate Abilities, Weirdness & Mutations

You reflexively headbutt those who attack you in melee.
You have a pair of horns on your head.


Message History

An orc priest comes into view. It is wielding a +0 dagger.
You barely miss the orc.
The orc priest shouts!
You headbutt the orc.
You kill the orc!
Something hits you but does no damage.
You hear some strange, mumbled words.
A puff of frost appears from out of thin air!
The puff of frost hits you!
You hear some strange, mumbled words.
A puff of flame appears from out of thin air!
The puff of flame hits you!
* * * LOW HITPOINT WARNING * * *
The orc priest mumbles some strange prayers to Beogh against you.
Beogh smites you!
* * * LOW HITPOINT WARNING * * *
You hear some strange, mumbled words.
A puff of frost appears from out of thin air!
The puff of frost hits you!
You die...

.)..........##
.###..###....#
.###..###....#
.............#####
####.............#
#....).######.#
#......# #.#
##+##### #.# #@#
#.# #)#
##########o###
#............#
#............#
#........o...#
#............#
#............#


You could see an orc priest and an orc.

Vanquished Creatures
  4 adders
  A worm (D:3)
  A dart slug (D:1)
  A leopard gecko (D:2)
  An orc (D:3)
  2 giant cockroaches
  3 goblins
  6 hobgoblins
  6 jackals
  A quokka (D:2)
  7 bats
  3 frilled lizards
  4 kobolds
  2 rats (D:2)
42 creatures vanquished.

Notes
Turn   | Place    | Note
-------+----------+-------------------------------------------
     0 | D:1      | Circulus the Minotaur Gladiator began the quest for the
                  | Orb.
     0 | D:1      | Reached XP level 1. HP: 18/18 MP: 0/0
   166 | D:1      | Reached skill level 4 in Long Blades
   202 | D:1      | Reached XP level 2. HP: 25/25 MP: 1/1
  1034 | D:2      | Reached skill level 5 in Long Blades
  1070 | D:2      | Reached XP level 3. HP: 30/30 MP: 2/2
  1320 | D:2      | Found a snail-covered altar of Cheibriados.
  1322 | D:2      | Found a shimmering altar of Xom.
  1322 | D:2      | Found an opulent altar of Gozag.
  1330 | D:2      | Found a shattered altar of Ashenzari.
  1330 | D:2      | Found an ornate altar of the Wu Jian Council.
  1330 | D:2      | Found a burning altar of Makhleb.
  1635 | D:3      | Reached skill level 6 in Long Blades
  1635 | D:3      | Reached XP level 4. HP: 21/37 MP: 3/3
  1979 | D:3      | Killed from afar by an orc wizard

Skill      XL: |  1  2  3 |
---------------+----------+-----
Long Blades    | 4 5 6 |  6.0
Fighting       | |  2.9
Throwing       | |  2.0
Dodging        | |  3.2

Action                   |  1- 3 |  4- 6 || total
-------------------------+-------+-------++-------
Melee: Long sword        |    76 |    15 ||    91
       Headbutt          |    11 |     5 ||    16
  Use: Scroll            |     1 |       ||     1
  Eat: Chunk             |     2 |     1 ||     3
Armor: Chain mail        |    40 |     5 ||    45
       Leather armour    |     3 |       ||     3
Dodge: Dodged            |    33 |     5 ||    38
       Rpst.: Long sword |     7 |     1 ||     8
